 Dungeon Crawl Stone Soup version 0.31-a0-4-gefa6de2278 (webtiles) character file.

Game seed: 4087117166880754471

112 Darkkill the Shooter (level 4, -10/39 HPs)
             Began as a Minotaur Hunter on May 4, 2023.
             Mangled by a wyvern (15 damage)
             ... summoned by the darkness of Dithmenos
             ... on level 4 of the Dungeon.
             The game lasted 00:02:23 (2168 turns).

Darkkill the Shooter (Minotaur Hunter)              Turns: 2168, Time: 00:02:24

Health: -10/39     AC:  4    Str: 16    XL:     4   Next: 63%
Magic:  3/3        EV: 12    Int:  6    God:
Gold:   97         SH:  0    Dex: 15    Spells: 3/3 levels left

rFire   . . .        a - +0 shortbow
rCold   . . .        (shield currently unavailable)
rNeg    . . .        c - +0 leather armour
rPois   +            (helmet restricted)
rElec   .            k - +0 cloak
rCorr   .            (no gloves)
SInv    .            (no boots)
Will    .....        (no amulet)
Stlth   ++           n - ring of poison resistance
HPRegen 0.26/turn    (no ring)
MPRegen 0.08/turn

%: no passive effects
@: about to teleport
A: horns 2, retaliatory headbutt
a: no special abilities


You were on level 4 of the Dungeon.
You visited 1 branch of the dungeon, and saw 4 of its levels.

You collected 97 gold pieces.

Inventory:

Hand Weapons
 a - a +0 shortbow (weapon)
Missiles
 e - 25 stones
Armour
 c - a +0 leather armour (worn)
 k - a +0 cloak (worn)
Jewellery
 m - a +6 ring of intelligence
 n - a ring of poison resistance (left hand)
 q - a ring of wizardry
Scrolls
 b - 2 scrolls of immolation
 f - 2 scrolls of teleportation
Potions
 d - a potion of resistance {unknown}
 g - 2 potions of heal wounds
 h - a potion of flight {unknown}
 i - 2 potions of lignification {unknown}
 j - 2 potions of attraction {unknown}
 l - a potion of haste {unknown}


   Skills:
 + Level 3.6 Fighting
 + Level 5.0 Ranged Weapons
 + Level 3.2 Dodging
 + Level 2.0 Stealth


You had 3 spell levels left.
You didn't know any spells.
Your spell library contained the following spells:

 Spells                   Type           Power      Damage    Failure   Level
 Freeze                   Ice            0%         1d3       52%         1
 Frozen Ramparts          Ice            0%         1d1       88%         3
 Hailstorm                Conj/Ice       0%         3d3       88%         3


Dungeon Overview and Level Annotations

Branches:
Dungeon (4/15)
 Temple: D:4-7

Altars:
Dithmenos
Sif Muna


Innate Abilities, Weirdness & Mutations

You have a pair of horns on your head.
You reflexively headbutt those who attack you in melee.


Message History

The jackal barely misses you. The jackal bites you.
There are monsters nearby!
You shoot an arrow. The arrow barely misses the jackal.
The jackal barely misses you.
There are monsters nearby!
You shoot an arrow.
The arrow hits the jackal but does no damage.
The jackal barely misses you. You furiously retaliate!
You headbutt the jackal.
You kill the jackal!
A kobold is nearby!
You shoot an arrow. The arrow hits the kobold.
You kill the kobold!
e - 25 stones (gained 2)
Things that are here:
a +0 dagger; a kobold corpse; a jackal corpse
Found a shimmering blue altar of Sif Muna.
No target in view!
Things that are here:
a +0 dagger; a kobold corpse; a jackal corpse
q - a ring of wizardry No target in view!
Found a stone staircase leading down.
No target in view!
Found a chain mail.
No target in view!
A bat comes into view.
You shoot an arrow. The arrow hits the bat.
The bat is moderately wounded.
A bat is nearby!
You shoot an arrow. The arrow hits the bat.
You kill the bat!
Done exploring.
No target in view!
Done exploring.
No target in view!
Done exploring.
No target in view!
No target in view!
Done exploring.
Done exploring.
No target in view!
Blink to where?
Press: ? - help, Dir - move target
As you read the scroll labelled EMIALA OGHEEPS, it crumbles to dust.
It was a scroll of blinking.
As you read the scroll labelled PAENWA VUKLUFUIMM, it crumbles to dust.
You hear a loud clanging noise!
It was a scroll of noise.
As you read the scroll labelled HUSEDIYDAS, it crumbles to dust.
It is a scroll of identify.
g - 2 potions of heal wounds
n - a ring of poison resistance (left hand)
You drop 2 scrolls of noise.
There is a stone staircase leading down here.
You climb downwards.
Found 6 gold pieces and a silver ring.
There is a stone staircase leading up here.
No target in view!
You now have 97 gold pieces (gained 6).
m - a +6 ring of intelligence An ufetubus comes into view.
Found a ring mail.
You shoot an arrow. The arrow hits the ufetubus.
The ufetubus shouts!
The ufetubus is severely wounded.
You hear a bark!
You shoot an arrow. The arrow closely misses the ufetubus.
An ufetubus is nearby!
You shoot an arrow. The arrow misses the ufetubus.
A hound comes into view.
There are monsters nearby!
You shoot an arrow. The arrow barely misses the ufetubus.
The hound barks!
The ufetubus barely misses you. You furiously retaliate!
You headbutt the ufetubus, but do no damage.
The ufetubus hits you.
A hound comes into view.
The ufetubus closely misses you. The ufetubus hits you.
You shoot an arrow. The arrow barely misses the ufetubus.
The ufetubus hits you. The ufetubus completely misses you.
The ufetubus hits you but does no damage.
The ufetubus barely misses you.
You shoot an arrow. The arrow barely misses the ufetubus.
The ufetubus misses you. The ufetubus hits you.
Dithmenos weaves monsters from the shadows.
You shoot an arrow. The arrow hits the ufetubus.
You kill the ufetubus!
The hound barely misses you. You furiously retaliate!
You headbutt the hound! You shoot an arrow. The arrow hits the hound!
You kill the hound!
The wyvern bites you! The hound barely misses you.
The gnoll hits you with a +0 flail! The gnoll hits you with a +0 halberd!
* * * LOW HITPOINT WARNING * * *
Your Ranged Weapons skill increases to level 5!
Your Stealth skill increases to level 2!
You are too injured to fight recklessly!
Unknown command.
As you read the scroll of teleportation, it crumbles to dust.
You feel strangely unstable. The wyvern bites you!
You die... ######### # #ggggg..#

####.##@# #.####
#.....hl#####....
#.##.##....##..#
.# .[
#.##.##..###....
#.#
#.##....<....# #
#........##..#
########.# ..#
#... # #####


You could see a wyvern (summoned), a gnoll bouda (summoned), a hound and 4
gnolls.

Vanquished Creatures
  A hound (D:4)
  An adder (D:2)
  An ufetubus (D:4)
  3 dart slugs
  8 endoplasms
  3 giant cockroaches (D:3)
  5 goblins
  3 hobgoblins
  6 jackals (D:3)
  7 kobolds
  A quokka (D:3)
  7 ball pythons
  2 bats
  2 frilled lizards (D:2)
  9 rats
59 creatures vanquished.

Notes
Turn   | Place    | Note
-------+----------+-------------------------------------------
     0 | D:1      | Darkkill the Minotaur Hunter began the quest for the Orb.
     0 | D:1      | Reached XP level 1. HP: 18/18 MP: 0/0
   109 | D:1      | Reached skill level 1 in Stealth
   140 | D:1      | Reached XP level 2. HP: 25/25 MP: 1/1
   593 | D:1      | Found a faded altar of an unknown god.
   638 | D:1      | Prayed at the altar of an unknown god.
   638 | D:1      | Became a worshipper of Dithmenos the Shadowed
   638 | D:1      | Reached * piety under Dithmenos
   823 | D:1      | Fell from the grace of Dithmenos
  1153 | D:2      | Reached XP level 3. HP: 31/31 MP: 2/2
  1652 | D:3      | Reached XP level 4. HP: 38/38 MP: 3/3
  1905 | D:3      | Found a shimmering blue altar of Sif Muna.
  2166 | D:4      | Noticed a wyvern
  2167 | D:4      | HP: 5/38 [gnoll/+0 halberd[the darkness of Dithmenos] (8)]
  2168 | D:4      | Reached skill level 5 in Ranged Weapons
  2168 | D:4      | Mangled by a wyvern

Illustrated notes

Levels and vault maps discovered:
D:1:      minmay_arrival_solitary_statue, layout_basic,
          ebering_ecumenical_altar_petrified, chequers_arboretum, st_stairs_6,
          chequers_serial_rivers_marsh
D:2:      layout_loops_ring, minmay_misc_feat_plants
D:3:      layout_loops_ring, nicolae_overflow_hidden_temple, st_stairs_10,
          minmay_liquid_box
D:4:      layout_loops_cross, minmay_lizard_king, uniq_robin

Skill      XL: |  1  2  3  4 |
---------------+-------------+-----
Stealth        | 1 2 |  2.0
Fighting       | 3 |  3.6
Dodging        | 3 |  3.2
Ranged Weapons | 5 |  5.0

Action                     |  1- 3 |  4- 6 || total
---------------------------+-------+-------++-------
   Fire: Shortbow          |   111 |    26 ||   137
 Invoke: Renounce Religion |     1 |       ||     1
    Use: Scroll            |     3 |     4 ||     7
 Armour: Leather armour    |     7 |     1 ||     8
  Dodge: Dodged            |    23 |    10 ||    33

Table legend: (Time is in decaauts)
 A = Elapsed time spent in this place.
 B = Non-inter-level travel time spent in this place.
 C = Inter-level travel time spent in this place.
 D = Time resting spent in this place.
 E = Time spent auto-exploring this place.
 F = Levels seen in this place.
 G = Mean time per level.
                   A        B        C        D        E       F      G
               +--------+--------+--------+--------+--------+-----+--------+
         Total |   2208 |   2157 |     51 |    100 |   1763 |   4 |  552.0 |
       Dungeon |   2208 |   2157 |     51 |    100 |   1763 |   4 |  552.0 |
               +--------+--------+--------+--------+--------+-----+--------+

Top non-repeatable levels by time:
     D:1: 840 daAuts
     D:2: 686 daAuts
     D:3: 656 daAuts
     D:4: 23 daAuts

Levels and vault maps discovered:
D:1:      minmay_arrival_solitary_statue, layout_basic,
          ebering_ecumenical_altar_petrified, chequers_arboretum, st_stairs_6,
          chequers_serial_rivers_marsh
D:2:      layout_loops_ring, minmay_misc_feat_plants
D:3:      layout_loops_ring, nicolae_overflow_hidden_temple, st_stairs_10,
          minmay_liquid_box
D:4:      layout_loops_cross, minmay_lizard_king, uniq_robin

Table legend: (Time is in decaauts)
 A = Elapsed time spent in this place.
 B = Non-inter-level travel time spent in this place.
 C = Inter-level travel time spent in this place.
 D = Time resting spent in this place.
 E = Time spent auto-exploring this place.
 F = Levels seen in this place.
 G = Mean time per level.
                   A        B        C        D        E       F      G
               +--------+--------+--------+--------+--------+-----+--------+
         Total |   2208 |   2157 |     51 |    100 |   1763 |   4 |  552.0 |
       Dungeon |   2208 |   2157 |     51 |    100 |   1763 |   4 |  552.0 |
               +--------+--------+--------+--------+--------+-----+--------+

Top non-repeatable levels by time:
     D:1: 840 daAuts
     D:2: 686 daAuts
     D:3: 656 daAuts
     D:4: 23 daAuts

Table legend:
 A = Kills in this place as a percentage of kills in the entire game.
 B = Kills by you in this place as a percentage of kills by you in the entire game.
 C = Kills by friends in this place as a percentage of kills by friends in the entire game.
 D = Other kills in this place as a percentage of other kills in the entire game.
 E = Experience gained in this place as a percentage of experience gained in the entire game.
 F = Experience gained in this place divided by the number of levels of this place that you have seen.
                   A       B       C       D       E      F
               +-------+-------+-------+-------+-------+----------------------
         Total | 100.0 | 100.0 |   N/A |   N/A | 100.0 |  40.0
       Dungeon | 100.0 | 100.0 |   N/A |   N/A | 100.0 |  40.0
               +-------+-------+-------+-------+-------+----------------------
